Map: Ruins of Seras

Players

Arès

  • Race: Protoss Protoss
  • League: Master

desRow - Winner!

  • Race: Protoss Protoss
  • League: Master

Event: NationWars III

VOD

Have the link to the VOD?

Description

Time

  • Played on: Nov. 20, 2015, 12:40 p.m.
  • Length: 8:33
Show
View Real Time Build Order
Export as new Build Order

Arès Protoss 

Build Orders: Nexus First 

Get SALT Encoding   

  12  0:01  Probe (Chrono Boost)  
  13  0:12  Probe (Chrono Boost)  
  14  0:19  Pylon  
  14  0:23  Probe (Chrono Boost)  
  15  0:37  Probe (Chrono Boost)  
  16  0:48  Probe (Chrono Boost)  
  17  0:59  Nexus  
  17  1:03  Probe (Chrono Boost)  
  18  1:13  Gateway  
  18  1:16  Probe (Chrono Boost)  
  19  1:21  Assimilator  
  19  1:26  Assimilator  
  19  1:30  Probe (Chrono Boost)  
  20  1:41  Probe (Chrono Boost)  
  20  1:42  Gateway  
  21  1:51  Probe (Chrono Boost)  
  21  1:54  Pylon  
  22  2:02  Probe (Chrono Boost)  
  22  2:05  Cybernetics Core  
  23  2:13  Probe (Chrono Boost)  
  24  2:18  Probe (Chrono Boost)  
  25  2:23  Probe (Chrono Boost)  
  25  2:29  Probe (Chrono Boost)  
  27  2:34  Probe (Chrono Boost)  
  28  2:41  Adept x2 (Chrono Boost)  
  28  2:43  Warp Gate  
  32  2:46  Mothership Core  
  32  2:49  Probe  
  35  3:01  Probe  
  38  3:06  Stalker (Chrono Boost)  
  38  3:07  Probe  
  39  3:15  Probe  
  39  3:19  Probe  
  41  3:20  Pylon  
  41  3:21  Stalker (Chrono Boost)  
  43  3:27  Probe  
  43  3:31  Probe  
  45  3:35  Twilight Council  
  45  3:39  Stalker (Chrono Boost), Probe  
  48  3:43  Probe  
  48  3:45  Assimilator  
  49  3:49  Assimilator  
  49  3:51  Probe  
  50  4:01  Probe  
  51  4:04  Probe  
  51  4:05  Blink (Chrono Boost)  
  51  4:07  Stalker (Chrono Boost)  
  54  4:11  Robotics Facility  
  54  4:16  Pylon  
  54  4:31  Pylon  
  54  4:34  Probe (Chrono Boost)  
  54  4:35  Probe (Chrono Boost)  
  54  4:36  Pylon  
  56  4:47  Stalker x2  
  56  4:48  Probe (Chrono Boost)  
  61  4:55  Probe (Chrono Boost)  
  61  4:56  Gateway  
  61  4:57  Gateway  
  61  4:59  Observer  
  63  5:00  Gateway  
  63  5:01  Pylon  
  63  5:12  Pylon  
  63  5:15  Stalker  
  63  5:16  Robotics Bay  
  63  5:17  Sentry  
  67  5:23  Probe (Chrono Boost)  
  67  5:25  Probe (Chrono Boost)  
  69  5:30  Immortal (Chrono Boost)  
  73  5:38  Probe (Chrono Boost)  
  73  5:40  Probe (Chrono Boost)  
  75  5:44  Gateway  
  75  5:46  Gateway  
  75  5:50  Stalker x2  
  79  6:09  Disruptor (Chrono Boost)  
  82  6:12  Probe, Forge x2  
  82  6:13  Probe  
  82  6:14  Pylon  
  84  6:25  Nexus  
  87  6:40  Disruptor (Chrono Boost)  
  87  6:41  Stalker x3  
  87  6:46  Pylon  
  92  6:57  Pylon  
  92  6:58  Pylon  
  92  7:11  Disruptor (Chrono Boost)  
  92  7:12  Stalker x3  
  101  7:23  Probe, Robotics Facility  
  101  7:24  Probe  
  101  7:26  Pylon  
  101  7:28  Stalker  
  105  7:36  Probe  
  102  7:37  Probe  
  104  7:45  Disruptor (Chrono Boost)  
  104  7:48  Stalker x3  
  89  8:06  Stalker x2  
  89  8:07  Stalker  
  94  8:21  Stalker x4  
Show
View Real Time Build Order
Export as new Build Order

desRow Protoss - Winner!

Build Orders: 1 Gate Expand 

Get SALT Encoding   

  12  0:01  Probe (Chrono Boost)  
  13  0:12  Probe (Chrono Boost)  
  14  0:22  Probe (Chrono Boost), Pylon  
  15  0:40  Probe (Chrono Boost)  
  15  0:41  Gateway  
  16  0:48  Assimilator  
  16  0:51  Probe (Chrono Boost)  
  17  1:01  Probe (Chrono Boost)  
  18  1:12  Probe (Chrono Boost)  
  19  1:23  Probe (Chrono Boost)  
  20  1:30  Nexus  
  20  1:37  Cybernetics Core  
  20  1:43  Assimilator  
  20  1:50  Pylon  
  20  1:53  Probe (Chrono Boost)  
  21  2:04  Probe (Chrono Boost)  
  22  2:13  Warp Gate  
  22  2:14  Probe (Chrono Boost), Adept (Chrono Boost)  
  25  2:26  Probe (Chrono Boost)  
  25  2:29  Robotics Facility  
  26  2:38  Mothership Core (Chrono Boost)  
  26  2:43  Probe (Chrono Boost)  
  29  2:51  Stalker (Chrono Boost)  
  29  2:56  Probe (Chrono Boost)  
  29  2:57  Probe (Chrono Boost)  
  33  3:06  Probe (Chrono Boost)  
  33  3:09  Probe (Chrono Boost)  
  35  3:13  Pylon  
  35  3:16  Assimilator  
  34  3:22  Robotics Bay  
  34  3:26  Probe (Chrono Boost)  
  35  3:27  Probe (Chrono Boost)  
  35  3:33  Stalker  
  38  3:37  Probe (Chrono Boost)  
  38  3:40  Probe (Chrono Boost)  
  40  3:46  Observer (Chrono Boost)  
  40  3:47  Probe  
  42  3:49  Probe  
  43  3:59  Probe x2  
  45  4:06  Pylon  
  45  4:08  Assimilator  
  45  4:09  Disruptor (Chrono Boost)  
  48  4:10  Probe  
  48  4:11  Probe  
  50  4:21  Probe  
  50  4:23  Probe  
  52  4:30  Gateway  
  52  4:31  Probe, Gateway  
  52  4:35  Probe  
  54  4:39  Twilight Council  
  54  4:43  Disruptor (Chrono Boost)  
  54  4:44  Probe  
  57  4:48  Probe  
  59  4:55  Probe  
  59  4:56  Stalker  
  59  4:59  Pylon  
  62  5:10  Pylon  
  62  5:15  Blink (Chrono Boost)  
  62  5:17  Warp Prism (Chrono Boost)  
  62  5:19  Stalker  
  66  5:26  Gateway  
  66  5:28  Stalker  
  68  5:35  Gateway  
  68  5:39  Stalker  
  68  5:42  Pylon  
  70  5:45  Stalker  
  72  5:53  Observer (Chrono Boost)  
  72  5:54  Stalker  
  72  5:55  Probe  
  76  6:06  Stalker  
  76  6:09  Pylon  
  78  6:12  Stalker  
  80  6:23  Stalker x2  
  80  6:25  Disruptor (Chrono Boost)  
  87  6:43  Stalker x3  
  93  6:57  Pylon  
  93  7:02  Pylon  
  93  7:05  Pylon  
  93  7:12  Nexus  
  93  7:16  Stalker x2  
  93  7:17  Stalker x2  
  93  7:18  Forge  
  93  7:22  Stalker, Disruptor  
  106  7:40  Pylon  
  106  7:42  Stalker x4  
  114  8:07  Stalker x5  
  124  8:14  Pylon  
Tags
 
Add a new tag
Caveats
  • Supply blocks, unpowered buildings, or Contaminate may cause inaccurate times.
  • Supply counts are checked every 10 seconds.